 Dungeon Crawl Stone Soup version 0.31-a0-152-g6aa68a64a1 (webtiles) character file.

Game seed: 10941646825201736024

315 qw the Shooter (level 6, 0/56 HPs)
             Began as a Naga Hunter on June 11, 2023.
             Slain by Dowan
             ... wielding a +1 dagger of holy wrath
              (1 damage)
             ... on level 4 of the Dungeon.
             The game lasted 00:01:08 (2885 turns).

qw the Shooter (Naga Hunter)                        Turns: 2885, Time: 00:01:08

Health: 0/56       AC:  9    Str: 14    XL:     6   Next: 44%
Magic:  6/6        EV:  9    Int:  9    God:
Gold:   105        SH:  0    Dex: 22    Spells: 5/5 levels left

rFire   . . .        Y - +2 shortbow
rCold   . . .        (shield currently unavailable)
rNeg    . . .        n - +1 leather armour "Soclyil" {Dex+6 Stlth+}
rPois   +            b - +0 helmet
rElec   .            (no cloak)
rCorr   .            (no gloves)
SInv    +            e - +0 barding
Will    .....        (no amulet)
Stlth   +++          (no ring)
HPRegen 0.29/turn    (no ring)
MPRegen 0.10/turn

%: no passive effects
@: short of breath, very slow
A: AC +2, large, see invisible, deformed body, poison resistance, slowness 2,
spit poison 1, naga tail 1
a: Spit Poison


You were on level 4 of the Dungeon.
You visited 1 branch of the dungeon, and saw 4 of its levels.

You collected 225 gold pieces.
You spent 120 gold pieces at shops.


Innate Abilities, Weirdness & Mutations

Your serpentine skin is tough. (AC +2)
You have supernaturally acute eyesight. (SInv)
Armour fits poorly on your strangely shaped body.
Your system is resistant to poisons. (rPois)
You cover ground very slowly.
You can spit poison.
You have a snake-like lower body.


   Skills:
 - Level 3.0 Fighting
 + Level 5.7 Ranged Weapons
 - Level 1.0 Armour
 - Level 2.8 Dodging
 - Level 1.5 Stealth


You had 5 spell levels left.
You didn't know any spells.
Your spell library was empty.

Inventory:

Hand Weapons
 Y - a +2 shortbow (weapon)
Armour
 b - a +0 helmet (worn)
 e - a +0 barding (worn)
 n - the +1 leather armour "Soclyil" (worn) {Dex+6 Stlth+}
   (You found it on level 3 of the Dungeon)

   Dex:       It affects your dexterity (+6).
   Stlth:     It makes you more stealthy.
Scrolls
 c - a scroll of fear {unknown}
Potions
 a - a potion of mutation {unknown}
 d - a potion of heal wounds {unknown}
 g - a potion of cancellation {unknown}
 h - 7 potions of curing
 i - 3 potions of might
 j - a potion of lignification {unknown}
 k - a potion of brilliance {unknown}

Dungeon Overview and Level Annotations

Branches:
Dungeon (4/15)
 Temple: D:4-7

Altars:

Shops:
D:2 (![(!

Annotations:
D:4 Dowan


Message History

The splash of poison hits Duvessa.
Duvessa looks even sicker.
Duvessa is heavily wounded.
Duvessa says, "When magic and the sword combine, nothing stands against them."
Duvessa closely misses you. Dowan barely misses you.
You shoot an arrow. The arrow hits Duvessa.
Duvessa is severely wounded.
Duvessa barely misses you. Dowan barely misses you.
You shoot an arrow. The arrow hits Duvessa.
Duvessa is almost dead.
Duvessa hits you with a +0 short sword.
Dowan hits you with a +1 dagger of holy wrath.
You shoot an arrow. The arrow hits Duvessa.
You kill Duvessa!
Dowan screams, "No!
No!"
Dowan seems to find hidden reserves of power!
Dowan gestures at you while chanting. The shard of ice hits you!
Dowan points at you and mumbles some strange words.
The shard of ice hits you!
You feel your dexterity returning.
Your Dodging skill increases to level 2!
You have reached level 6!
Your skin feels tougher.
You shoot an arrow. The arrow closely misses Dowan.
You have got your breath back.
Dowan hits you with a +1 dagger of holy wrath.
Dowan misses you.
2883 ||| INVOKING Spit Poison.
Aiming: Spit Poison (1% risk of failure)
Press: ? - help, Shift-Dir - straight line, f/p - Dowan You fail to use your ability.
Dowan hits you with a +1 dagger of holy wrath.
2884 ||| INVOKING Spit Poison.
Aiming: Spit Poison (1% risk of failure)
Press: ? - help, Shift-Dir - straight line, f/p - Dowan The splash of poison misses Dowan.
Dowan hits you but does no damage. Dowan barely misses you.
You shoot an arrow. The arrow hits Dowan.
Dowan is lightly wounded.
Dowan hits you with a +1 dagger of holy wrath.
You die...

*,..........#######*** ***
****##.######.# **8***8***
,,,,,,........######*,,,,,,,,*
*****,######..##...#8,,,,,,,,*
*,* #..##.#.#*,,,,,,,,*
****,*#####.....#.#*,,,**8*,***
*,,,,.........#####*,,,****,,,*
*,**,######.....# *},,,8*,,,*,*
**,**,,,.......#@#***,,,**,,**,*
,,,,,,**###....e)#8**,,,**,***,*
**,**** ##...#........**,,**,*
*,,* ##.##....e...8*,,**,* *,**
#.##........***,**,* *,*
#.*###8###8#***,**,* *,* *#+**
*## **# *,,,,,* *,* **,,,**
**,**** *,*** **,,,,,** *** *,*


You could see Dowan (fast).

Vanquished Creatures
  Duvessa (D:4)
  A hound (D:4)
  3 gnolls (D:2)
  6 adders
  5 dart slugs
  3 orcs (D:3)
  6 bats
  13 endoplasms
  8 giant cockroaches
  6 goblins
  9 hobgoblins
  6 kobolds
  A quokka (D:1)
  11 ball pythons
  2 frilled lizards
  5 rats
86 creatures vanquished.

Notes
Turn   | Place    | Note
-------+----------+-------------------------------------------
     0 | D:1      | qw the Naga Hunter began the quest for the Orb.
     0 | D:1      | Reached XP level 1. HP: 19/19 MP: 1/1
     0 | D:1      | 0 ||| qw: Version: 0.2-a-29-gd901d54
     0 | D:1      | 0 ||| qw: Game counter: 4013
     0 | D:1      | 0 ||| qw: Always use a shield: true
     0 | D:1      | 0 ||| qw: God list: Okawaru
     0 | D:1      | 0 ||| qw: Allow faded altars: false
     0 | D:1      | 0 ||| qw: Do Orc after D:15 true
     0 | D:1      | 0 ||| qw: Do second Lair branch before Depths: true
     0 | D:1      | 0 ||| qw: Lair rune preference: random
     0 | D:1      | 0 ||| qw: Plans: Normal
     0 | D:1      | 0 ||| PLANNING D:1-11
    13 | D:1      | 13 ||| INVOKING Spit Poison.
    40 | D:1      | 40 ||| INVOKING Spit Poison.
    44 | D:1      | 44 ||| INVOKING Spit Poison.
    50 | D:1      | 50 ||| INVOKING Spit Poison.
    67 | D:1      | 67 ||| INVOKING Spit Poison.
    71 | D:1      | 71 ||| INVOKING Spit Poison.
   168 | D:1      | 168 ||| INVOKING Spit Poison.
   169 | D:1      | Reached skill level 4 in Ranged Weapons
   169 | D:1      | Reached XP level 2. HP: 26/26 MP: 2/2
   186 | D:1      | 186 ||| INVOKING Spit Poison.
   239 | D:1      | 239 ||| INVOKING Spit Poison.
   270 | D:1      | 270 ||| INVOKING Spit Poison.
   298 | D:1      | 298 ||| INVOKING Spit Poison.
   299 | D:1      | 299 ||| INVOKING Spit Poison.
   334 | D:1      | 334 ||| INVOKING Spit Poison.
   340 | D:1      | 340 ||| INVOKING Spit Poison.
   473 | D:1      | 473 ||| INVOKING Spit Poison.
   512 | D:1      | 512 ||| INVOKING Spit Poison.
   521 | D:1      | 521 ||| INVOKING Spit Poison.
   582 | D:1      | Reached XP level 3. HP: 27/32 MP: 3/3
   601 | D:1      | 601 ||| INVOKING Spit Poison.
   775 | D:1      | 775 ||| INVOKING Spit Poison.
   778 | D:1      | 778 ||| INVOKING Spit Poison.
   911 | D:1      | 911 ||| UPGRADING to +0 barding.
   916 | D:1      | 916 ||| READING scroll labelled GUEKLU PITRORCH.
   917 | D:1      | 917 ||| READING 2 scrolls labelled PETEANY KIUS.
   918 | D:1      | 918 ||| READING scroll of enchant weapon.
   918 | D:1      | 918 ||| ENCHANTING +1 shortbow.
   919 | D:1      | 919 ||| READING scroll labelled IJUSUY WABEKHLU.
   920 | D:1      | 920 ||| DRINKING 2 clear potions.
   921 | D:1      | 921 ||| DRINKING 2 coppery potions.
   922 | D:1      | 922 ||| DROPPING scroll of butterflies.
   923 | D:1      | 923 ||| DROPPING potion of degeneration.
   952 | D:2      | 952 ||| INVOKING Spit Poison.
   957 | D:2      | 957 ||| INVOKING Spit Poison.
   988 | D:2      | 988 ||| INVOKING Spit Poison.
   989 | D:2      | 989 ||| INVOKING Spit Poison.
   995 | D:2      | 995 ||| INVOKING Spit Poison.
  1026 | D:2      | 1026 ||| INVOKING Spit Poison.
  1049 | D:2      | 1049 ||| INVOKING Spit Poison.
  1071 | D:2      | 1071 ||| INVOKING Spit Poison.
  1081 | D:2      | 1081 ||| INVOKING Spit Poison.
  1086 | D:2      | 1086 ||| INVOKING Spit Poison.
  1089 | D:2      | Reached skill level 5 in Ranged Weapons
  1089 | D:2      | Reached XP level 4. HP: 39/39 MP: 4/4
  1097 | D:2      | 1097 ||| INVOKING Spit Poison.
  1103 | D:2      | 1103 ||| INVOKING Spit Poison.
  1108 | D:2      | 1108 ||| INVOKING Spit Poison.
  1112 | D:2      | 1112 ||| FLEEEEING.
  1115 | D:2      | 1115 ||| INVOKING Spit Poison.
  1121 | D:2      | 1121 ||| INVOKING Spit Poison.
  1286 | D:2      | 1286 ||| INVOKING Spit Poison.
  1304 | D:2      | 1304 ||| INVOKING Spit Poison.
  1311 | D:2      | Found Feramis's Distillery.
  1316 | D:2      | 1316 ||| BUYING 2 potions of curing (60 gold).
  1316 | D:2      | Bought 2 potions of curing for 60 gold pieces
  1316 | D:2      | 1316 ||| BUYING potion of curing (30 gold).
  1316 | D:2      | Bought a potion of curing for 30 gold pieces
  1316 | D:2      | 1316 ||| BUYING potion of curing (30 gold).
  1316 | D:2      | Bought a potion of curing for 30 gold pieces
  1316 | D:2      | 1316 ||| SHOPLISTING potion of heal wounds (50 gold, have
                  | 9).
  1316 | D:2      | 1316 ||| SHOPLISTING potion of might (40 gold, have 9).
  1510 | D:2      | Identified the +3 short sword "Udafeolo" {heavy, rF+}
  1543 | D:2      | Found Naitzear's Antique Armour Emporium.
  1547 | D:2      | 1547 ||| SHOPLISTING embroidered cloak (157 gold, have 9).
  1547 | D:2      | 1547 ||| SHOPLISTING pair of gloves (94 gold, have 9).
  1547 | D:2      | 1547 ||| SHOPLISTING runed ring mail (147 gold, have 9).
  1567 | D:2      | Found Picic's Distillery.
  1570 | D:2      | 1570 ||| SHOPLISTING potion of curing (30 gold, have 9).
  1570 | D:2      | 1570 ||| SHOPLISTING potion of haste (100 gold, have 9).
  1570 | D:2      | 1570 ||| SHOPLISTING potion of heal wounds (50 gold, have
                  | 9).
  1579 | D:2      | Found Rirruax's Weapon Shoppe.
  1632 | D:2      | Found Joichaher's Antique Weapon Shop.
  1682 | D:2      | 1682 ||| UPGRADING to +0 helmet.
  1687 | D:2      | 1687 ||| READING scroll labelled ONECVO QUNYDGHO.
  1692 | D:2      | 1692 ||| READING scroll labelled OTAUTZ URPHA.
  1718 | D:3      | 1718 ||| INVOKING Spit Poison.
  1743 | D:3      | 1743 ||| INVOKING Spit Poison.
  1775 | D:3      | 1775 ||| INVOKING Spit Poison.
  1859 | D:3      | 1859 ||| INVOKING Spit Poison.
  1862 | D:3      | Reached skill level 1 in Armour
  1862 | D:3      | Reached XP level 5. HP: 48/48 MP: 5/5
  1881 | D:3      | 1881 ||| INVOKING Spit Poison.
  1887 | D:3      | 1887 ||| INVOKING Spit Poison.
  1889 | D:3      | Reached skill level 3 in Fighting
  1961 | D:3      | 1961 ||| INVOKING Spit Poison.
  1981 | D:3      | Identified the +1 leather armour "Soclyil" {Dex+6 Stlth+}
  1989 | D:3      | 1989 ||| INVOKING Spit Poison.
  1994 | D:3      | 1994 ||| INVOKING Spit Poison.
  2015 | D:3      | 2015 ||| INVOKING Spit Poison.
  2055 | D:3      | 2055 ||| INVOKING Spit Poison.
  2264 | D:3      | 2264 ||| INVOKING Spit Poison.
  2270 | D:3      | 2270 ||| INVOKING Spit Poison.
  2276 | D:3      | 2276 ||| INVOKING Spit Poison.
  2328 | D:3      | You fall into a shaft and drop 1 floor!
  2386 | D:4      | 2386 ||| UPGRADING to +1 leather armour "Soclyil" {Dex+6
                  | Stlth+}.
  2396 | D:4      | 2396 ||| DROPPING +0 leather armour.
  2397 | D:4      | 2397 ||| READING scroll labelled LUDIEW OKILI ILIR.
  2398 | D:4      | 2398 ||| READING scroll labelled JUEKHL BAMUOX.
  2399 | D:4      | 2399 ||| READING scroll labelled JEPSOTA UTWA.
  2562 | D:3      | 2562 ||| INVOKING Spit Poison.
  2566 | D:3      | 2566 ||| INVOKING Spit Poison.
  2685 | D:4      | 2685 ||| INVOKING Spit Poison.
  2691 | D:4      | 2691 ||| INVOKING Spit Poison.
  2697 | D:4      | 2697 ||| INVOKING Spit Poison.
  2867 | D:4      | Noticed Duvessa
  2867 | D:4      | Noticed Dowan
  2868 | D:4      | 2868 ||| INVOKING Spit Poison.
  2870 | D:4      | 2870 ||| Stepping ~*~*~tactically~*~*~ (outnumbered).
  2874 | D:4      | 2874 ||| INVOKING Spit Poison.
  2877 | D:4      | 2877 ||| INVOKING Spit Poison.
  2878 | D:4      | 2878 ||| INVOKING Spit Poison.
  2881 | D:4      | Killed Duvessa
  2881 | D:4      | HP: 3/49 [Dowan/shard of ice (12)]
  2882 | D:4      | Reached XP level 6. HP: 3/56 MP: 6/6
  2882 | D:4      | HP: 1/56 [Dowan/+1 dagger of holy wrath (2)]
  2883 | D:4      | 2883 ||| INVOKING Spit Poison.
  2884 | D:4      | 2884 ||| INVOKING Spit Poison.
  2885 | D:4      | Slain by Dowan

Levels and vault maps discovered:
D:1:      heliophobic_arrival_henge, layout_basic, serial_glass,
          glass_columns_a, glass_columns_a
D:2:      layout_loops_ring, serial_shops, nicolae_shop_bloodbath_and_beyond,
          shop, nicolae_shop_statue_plus, nicolae_shop_window_shopping,
          nicolae_shop_dealshenge, grunt_ministairs_6
D:3:      minmay_octagon_keep, layout_basic
D:4:      layout_loops_corners, corexii_hall_statues_s, uniq_duvessa

Skill      XL: |  1  2  3  4  5 |
---------------+----------------+-----
Ranged Weapons | 4 5 |  5.7
Armour         | 1 |  1.0
Fighting       | 3 |  3.0
Dodging        | 2 |  2.8
Stealth        | |  1.5

Action                     |  1- 3 |  4- 6 || total
---------------------------+-------+-------++-------
   Fire: Shortbow          |    54 |   121 ||   175
Ability: Spit Poison       |    28 |    30 ||    58
    Use: Scroll            |     4 |     5 ||     9
         Potion            |     2 |       ||     2
 Armour: Leather armour    |     4 |    31 ||    35
  Dodge: Dodged            |     5 |    27 ||    32

Table legend:
 A = Non-vault XP
 B = Vault XP
 C = Vault XP percentage of total XP
 D = Non-vault monster count
 E = Vault monster count
 F = Vault count percentage of total count
                 A         B        C        D         E       F
            +---------+---------+-------+---------+---------+-------
      Total |     281 |     170 |  37.7 |      72 |      14 |  16.3
            +---------+---------+-------+---------+---------+-------
        D:1 |      39 |       0 |   0.0 |      21 |       0 |   0.0
        D:2 |      94 |       4 |   4.1 |      25 |       2 |   7.4
        D:3 |      97 |      24 |  19.8 |      20 |      11 |  35.5
        D:4 |      51 |     142 |  73.6 |       6 |       1 |  14.3
            +---------+---------+-------+---------+---------+-------
